 Dungeon Sprint DCSS version 0.21.0-25-ge575cb9 (webtiles) character file.

178 wojtek the Cleaver (level 5, -7/51 HPs)
             Began as a Minotaur Berserker on Jan 23, 2018.
             Was an Elder of Trog.
             Killed from afar by a deep elf mage (8 damage)
             ... with a sticky flame
             ... in the Dungeon (Sprint III: "The Ten Rune Challenge").
             The game lasted 00:00:59 (429 turns).

wojtek the Cleaver (Minotaur Berserker)              Turns: 429, Time: 00:01:01

Health: -7/51      AC:  2    Str: 22    XL:     5   Next: 32%
Magic:  4/4        EV: 14    Int:  4    God:    Trog [****..]
Gold:   39         SH:  0    Dex: 10    Spells: 4/4 levels left

rFire    . . .     SeeInvis .   a - +0 hand axe
rCold    . . .     Gourm    .   (no shield)
rNeg     . . .     Faith    .   b - +0 animal skin
rPois    .         Spirit   .   (helmet restricted)
rElec    .         Reflect  .   (no cloak)
rCorr    .         Harm     .   (no gloves)
MR       .....     NoTele   +   (no boots)
Stlth    +.........             (no amulet)
HPRegen  0.17/turn              (no ring)
MPRegen  0.09/turn              (no ring)

@: liquid flames, glowing
A: retaliatory headbutt, horns 2
a: Berserk, Trog's Hand, Brothers in Arms, Burn Spellbooks, Renounce Religion


You were in the Dungeon.
You worshipped Trog.
Trog was greatly pleased with you.
You were not hungry.

You visited 1 branch You collected 39 gold pieces.

Inventory:

Hand Weapons
 a - a +0 hand axe (weapon)
Armour
 b - a +0 animal skin (worn)
Scrolls
 i - a scroll of blinking
 l - a scroll of immolation {unknown}
 m - a scroll of identify {unknown}
 n - 2 scrolls of remove curse {unknown}
 p - a scroll of holy word {unknown}
 q - a scroll of amnesia {unknown}
Potions
 d - a potion of curing
 e - a potion of heal wounds
 f - a potion of haste
 g - 2 potions of magic
 h - a potion of berserk rage
 k - 5 potions of mutation
 o - 2 potions of flight {unknown}
Comestibles
 c - 3 rations
 r - 2 chunks of flesh


   Skills:
 + Level 6.9 Fighting
 * Level 9.1 Axes
 + Level 6.3 Armour
 + Level 5.7 Dodging


You had 4 spell levels left.
You didn't know any spells.

Dungeon Overview and Level Annotations

Branches:
Dungeon (1/1)

Altars:
Elyvilon
Kikubaaqudgha
Sif Muna
Vehumet
Zin
The Shining One


Innate Abilities, Weirdness & Mutations

You reflexively headbutt those who attack you in melee.
You have a pair of horns on your head.


Message History

The deep elf mage casts a spell at you. The sticky flame hits you!
You are covered in liquid flames!
* * * LOW HITPOINT WARNING * * *
You are covered in liquid flames!
* * * LOW HITPOINT WARNING * * *
You are covered in liquid flames!
* * * LOW HITPOINT WARNING * * *
The deep elf mage misses you.
The spellbook bursts into flames.
Trog is delighted!
You can now call in reinforcements.
Something appears at your feet! Trog grants you ammunition!
You closely miss the deep elf mage. You headbutt the deep elf mage.
The deep elf mage is lightly wounded.
The deep elf mage is engulfed in blazing flames.
The deep elf mage casts a spell at you. The sticky flame hits you!
You are covered in liquid flames!
You die...

▓▓▓▓▓▓▓▓▓ ▓▓▓ #..'....♣
♣.##### #..#....♣♣♣
♣♣.#___# ####......♣
..#...#
...#....≈♣♣♣♣♣.###'#+###+
...#...≈≈♣..♣..#@e........
...#..≈≈≈≈♣♣...'.⌠........
##'#..≈≈≈≈≈≈.♣.#...######+
.÷.#.≈≈≈≈≈≈....#.⌠.#
...#.≈≈≈≈≈.....#...#
...#.≈≈≈.......#)###
####...........#.).#
...............#___#
▓▓▓▓▓▓▓▓▓▓▓▓▓▓▓▓▓▓▓▓


You could see a deep elf mage.

Vanquished Creatures
  A water elemental (D)
  A scorpion (D)
  A wizard (D)
  A human (D)
  A kobold demonologist (D)
  2 oozes (D)
  2 rats (D)
9 creatures vanquished.

Vanquished Creatures (others)
  2 draconian scorchers (D)
  6 hellions (D)
  A yaktaur (D)
  A plant (D)
10 creatures vanquished.

Grand Total: 19 creatures vanquished

Notes
Turn   | Place    | Note
-------+----------+-------------------------------------------
     0 | D        | wojtek the Minotaur Berserker began the quest for the Orb.
     0 | D        | Reached XP level 1. HP: 19/19 MP: 0/0
     6 | D        | Reached skill level 4 in Axes
     9 | D        | Reached XP level 2. HP: 24/27 MP: 1/1
    17 | D        | Reached ** piety under Trog
    52 | D        | Reached skill level 5 in Axes
    52 | D        | Reached XP level 3. HP: 23/35 MP: 2/2
    83 | D        | Killed a hellion
   110 | D        | Killed a hellion
   140 | D        | Killed a hellion
   142 | D        | Killed a hellion
   142 | D        | Killed a hellion
   143 | D        | Killed a hellion
   229 | D        | Killed a white draconian scorcher
   232 | D        | Noticed a scorpion
   240 | D        | Killed a scorpion
   240 | D        | Reached skill level 5 in Fighting
   240 | D        | Reached skill level 7 in Axes
   240 | D        | Reached XP level 4. HP: 35/44 MP: 3/3
   243 | D        | Killed a white draconian scorcher
   307 | D        | Noticed a water elemental
   309 | D        | Killed a water elemental
   309 | D        | Reached *** piety under Trog
   309 | D        | Reached skill level 8 in Axes
   309 | D        | Reached skill level 5 in Armour
   309 | D        | Reached skill level 5 in Dodging
   360 | D        | Found a radiant altar of Vehumet.
   360 | D        | Found a deep blue altar of Sif Muna.
   360 | D        | Found an ancient bone altar of Kikubaaqudgha.
   360 | D        | Noticed a wizard
   362 | D        | Killed a wizard
   362 | D        | Reached XP level 5. HP: 51/51 MP: 4/4
   366 | D        | Reached skill level 9 in Axes
   382 | D        | Killed a yaktaur
   417 | D        | Found a glowing silver altar of Zin.
   418 | D        | Found a glowing golden altar of the Shining One.
   418 | D        | Found a white marble altar of Elyvilon.
   418 | D        | Noticed a deep elf mage
   427 | D        | HP: 1/51 [burnt (8)]
   428 | D        | Reached **** piety under Trog
   428 | D        | Received a gift from Trog
   429 | D        | Killed from afar by a deep elf mage

Skill      XL: |  1  2  3  4  5 |
---------------+----------------+-----
Fighting       | 4 5 6 |  6.9
Axes           | 4 5 7 8 9 |  9.1
Armour         | 3 4 6 |  6.3
Dodging        | 3 4 5 |  5.7

Action                   |  1- 3 |  4- 6 || total
-------------------------+-------+-------++-------
Melee: Hand axe          |    21 |     8 ||    29
       Headbutt          |     5 |     3 ||     8
Invok: Berserk           |     1 |     2 ||     3
       Burn Spellbooks   |       |     1 ||     1
  Eat: Chunk             |       |     1 ||     1
Armor: Animal skin       |     3 |       ||     3
Dodge: Dodged            |    14 |     4 ||    18
